 Dungeon Crawl Stone Soup version 0.29.0-4-gdea44cf6ec (webtiles) character file.

Game seed: 16902747649140397397

56 qw the Chopper (level 3, -2/23 HPs)
             Began as a Gargoyle Fighter on Sept 7, 2022.
             Slain by a gnoll
             ... wielding a +0 spear
              (4 damage)
             ... on level 2 of the Dungeon.
             The game lasted 00:00:30 (1323 turns).

qw the Chopper (Gargoyle Fighter)                   Turns: 1323, Time: 00:00:31

Health: -2/23      AC: 10    Str: 21    XL:     3   Next: 95%
Magic:  3/3        EV:  9    Int:  8    God:
Gold:   52         SH:  4    Dex:  9    Spells: 2/2 levels left

rFire   . . .      SeeInvis .   Y - +0 war axe (flame)
rCold   . . .      Faith    .   c - +0 buckler
rNeg    + . .      Spirit   .   b - +0 scale mail
rPois   inf        Reflect  .   (no helmet)
rElec   +          Harm     .   (no cloak)
rCorr   .          Rampage  .   (no gloves)
Will    .....                   (no boots)
Stlth   ..........              (no amulet)
HPRegen 0.07/turn               (no ring)
MPRegen 0.08/turn               (no ring)

@: no status effects
A: sickness immunity, AC +3, negative energy resistance 1, electricity
resistance, torment resistance 1, petrification resistance
a: no special abilities


You were on level 2 of the Dungeon.
You visited 1 branch of the dungeon, and saw 2 of its levels.

You collected 52 gold pieces.


Innate Abilities, Weirdness & Mutations

You are immune to sickness and miasma.
Your stone body is resilient. (AC +3)
You are immune to poison.
You resist negative energy. (rN+)
You are resistant to electric shocks. (rElec)
You are resistant to unholy torment.
You are immune to petrification.


   Skills:
 - Level 3.2 Fighting
 + Level 3.7 Axes
 - Level 3.2 Armour
 - Level 3.2 Shields


You had 2 spell levels left.
You didn't know any spells.
Your spell library was empty.

Inventory:

Hand Weapons
 Y - a +0 war axe of flaming (weapon)
Armour
 b - a +0 scale mail (worn)
 c - a +0 buckler (worn)
Scrolls
 a - 2 scrolls of amnesia {unknown}
 h - a scroll of blinking {unknown}
 k - 2 scrolls of identify {unknown}
Potions
 d - a potion of might
 e - a potion of curing
 f - a potion of attraction {unknown}
 g - a potion of haste {unknown}
 i - a potion of lignification {unknown}
 j - a potion of brilliance {unknown}
 l - a potion of flight {unknown}

Dungeon Overview and Level Annotations

Branches:
Dungeon (2/15)

Altars:


Message History

A gnoll comes into view. It is wielding a +0 spear.
A gnoll comes into view. It is wielding a +0 spear of pain.
The gnoll shouts! x2
The gnoll hits you but does no damage. The kobold hits you but does no damage.
You hit the gnoll but do no damage. You hit the kobold. You burn the kobold.
You kill the kobold!
The gnoll barely misses you. The gnoll hits you with a +0 spear.
You closely miss the gnoll. You block the gnoll's attack.
The gnoll closely misses you.
The gnoll hits you but does no damage. x4
You closely miss the gnoll. The gnoll completely misses you.
The gnoll hits you with a +0 spear. The gnoll hits you but does no damage.
You block the gnoll's attack.
You hit the gnoll. You burn the gnoll.
The gnoll is heavily wounded.
The gnoll hits you with a +0 spear.
The gnoll hits you but does no damage. x2
The gnoll barely misses you.
You hit the gnoll. You burn the gnoll.
You kill the gnoll!
The gnoll closely misses you. The gnoll barely misses you.
The gnoll hits you from afar with a +0 spear.
The gnoll hits you but does no damage. The gnoll barely misses you.
The gnoll hits you but does no damage. The gnoll closely misses you.
The gnoll hits you but does no damage. The gnoll closely misses you.
You slash the gnoll! You burn the gnoll.
The gnoll is almost dead.
You hit the gnoll. You burn the gnoll. You hit the gnoll. You burn the gnoll.
The gnoll hits you but does no damage. You block the gnoll's attack.
The gnoll hits you but does no damage.
You hit the gnoll but do no damage.
The gnoll is almost dead.
You closely miss the gnoll. You barely miss the gnoll.
The gnoll barely misses you. The gnoll hits you with a +0 spear. x2
You slash the gnoll! You burn the gnoll.
You kill the gnoll!
You hit the gnoll. You burn the gnoll. You slash the gnoll! You burn the gnoll.
The gnoll barely misses you.
The gnoll hits you but does no damage. x2
The gnoll hits you with a +0 spear.
You die...

#........# #.####
#.###........# ......
............'
......#####+###........#
..............#........#
..............'........#
..............#........#
......).......#........#
......g@).....#........#
......g.......#........#
.......)......#........#
..............##########
#############...........
#...........
#..........[
#...........
#....[......


You could see 2 gnolls.

Vanquished Creatures
  An adder (D:2)
  2 gnolls (D:2)
  A worm (D:2)
  5 bats
  An endoplasm (D:1)
  2 giant cockroaches
  3 goblins
  9 jackals (D:1)
  3 kobolds
  A quokka (D:1)
  A rat (D:1)
29 creatures vanquished.

Notes
Turn   | Place    | Note
-------+----------+-------------------------------------------
     0 | D:1      | qw the Gargoyle Fighter began the quest for the Orb.
     0 | D:1      | Reached XP level 1. HP: 14/14 MP: 1/1
     0 | D:1      | 0 ||| qw: Version: 0.1-a-108-g9e35731
     0 | D:1      | 0 ||| qw: Game counter: 6510
     0 | D:1      | 0 ||| qw: Always use a shield: true
     0 | D:1      | 0 ||| qw: God list: Okawaru
     0 | D:1      | 0 ||| qw: Allow faded altars: false
     0 | D:1      | 0 ||| qw: Do Orc after D:15 true
     0 | D:1      | 0 ||| qw: Do second Lair branch before Depths: true
     0 | D:1      | 0 ||| qw: Lair rune preference: random
     0 | D:1      | 0 ||| qw: Plans: Normal, Zot, God:TSO, Crypt, Tomb, Zig,
                  | Orb
     0 | D:1      | 0 ||| PLANNING D:1-11
   234 | D:1      | Reached XP level 2. HP: 19/19 MP: 2/2
   355 | D:1      | 355 ||| Stepping ~*~*~tactically~*~*~ (stealth).
   478 | D:1      | Reached skill level 3 in Axes
   560 | D:1      | Reached XP level 3. HP: 23/23 MP: 3/3
   784 | D:1      | 784 ||| READING scroll labelled DEL BAESSUD.
   785 | D:1      | 785 ||| READING scroll labelled HERUERONABIRCH.
   786 | D:1      | 786 ||| DROPPING +2 whip of electrocution.
   787 | D:1      | 787 ||| DRINKING 2 metallic orange potions.
   788 | D:1      | 788 ||| DRINKING 2 sapphire potions.
   889 | D:1      | 889 ||| DROPPING potion of ambrosia.
  1322 | D:2      | HP: 2/23 [gnoll/+0 spear (5)]
  1323 | D:2      | Slain by a gnoll

Levels and vault maps discovered:
D:1:      sevenhm_arrival_forest_fort_large_4, layout_loops_ring
D:2:      layout_basic

Skill      XL: |  1  2 |
---------------+-------+-----
Axes           | 2 3 |  3.7
Fighting       | |  3.2
Armour         | |  3.2
Shields        | |  3.2

Action                   || total
-------------------------++-------
Melee: War axe           ||    83
  Use: Scroll            ||     2
       Potion            ||     2
Armor: Scale mail        ||    63
Dodge: Dodged            ||    54
Block: Buckler           ||    14

Table legend:
 A = Non-vault XP
 B = Vault XP
 C = Vault XP percentage of total XP
 D = Non-vault monster count
 E = Vault monster count
 F = Vault count percentage of total count
                 A         B        C        D         E       F
            +---------+---------+-------+---------+---------+-------
      Total |      94 |       0 |   0.0 |      29 |       0 |   0.0
            +---------+---------+-------+---------+---------+-------
        D:1 |      37 |       0 |   0.0 |      20 |       0 |   0.0
        D:2 |      57 |       0 |   0.0 |       9 |       0 |   0.0
            +---------+---------+-------+---------+---------+-------
